 Dungeon Crawl Stone Soup version 0.20-a0-899-g09a9bfb (console) character file.

961 itsmu the Stinger (level 7, 0/48 HPs)
             Began as a Demonspawn Venom Mage on Mar 18, 2017.
             Slain by Grinder (4 damage)
             ... while paralysed by Grinder
             ... on level 5 of the Dungeon.
             The game lasted 00:17:54 (7664 turns).

itsmu the Stinger (Demonspawn Venom Mage)           Turns: 7664, Time: 00:17:55

Health: 0/48       AC:  6    Str:  7 (8)  XL:     7   Next: 92%
Magic:  13/13      EV:  2    Int: 18      God:
Gold:   54         SH:  0    Dex: 14      Spells: 1/14 levels left

rFire    . . .     SeeInvis .     - Unarmed
rCold    . . .     Gourm    .   g - +0 robe
rNeg     . . .     Faith    .   (no shield)
rPois    .         Spirit   .   e - +0 helmet
rElec    .         Reflect  .   (no cloak)
rCorr    .         Harm     .   (gloves unavailable)
MR       .....                  q - +0 pair of boots
Stlth    ++........             (no amulet)
Regen    0.2/turn               (no ring)
MPRegen  0.2/turn               (no ring)

@: paralysed, very slightly contaminated, hasted
A: claws 3, icy blue scales 1
a: no special abilities


You were on level 5 of the Dungeon.
You were not hungry.

You visited 1 branch of the dungeon, and saw 5 of its levels.

You collected 206 gold pieces.
You spent 152 gold pieces at shops.

Inventory:

Hand Weapons
 a - a +0 mace
   (You found it on level 1 of the Dungeon)
Armour
 e - a +0 helmet (worn)
   (You found it on level 4 of the Dungeon)
 g - a +0 robe (worn)
 q - a +0 pair of boots (worn)
   (You found it on level 1 of the Dungeon)
 t - a +0 leather armour
   (You found it on level 2 of the Dungeon)
Magical Staves
 k - an uncursed staff of cold
   (You found it on level 3 of the Dungeon)
Jewellery
 m - an uncursed ring of see invisible {unknown}
   (You found it on level 4 of the Dungeon)
Scrolls
 h - a scroll of teleportation
 n - a scroll of blinking
Potions
 j - 3 potions of heal wounds
 l - a potion of brilliance {unknown}
 p - a potion of flight {unknown}
 v - a potion of ambrosia {unknown}
Books
 b - a Young Poisoner's Handbook

   Spells                             Type                      Level
   a - Sting                          Conjuration/Poison           1
   b - Poisonous Vapours              Poison/Air                   2
   c - Mephitic Cloud                 Conjuration/Poison/Air       3
   d - Olgreb's Toxic Radiance        Poison                       4
   e - Venom Bolt                     Conjuration/Poison           5
 f - a book of Changes
   (You found it on level 3 of the Dungeon)

   Spells                             Type                      Level
   a - Beastly Appendage              Transmutation                1
   b - Sticks to Snakes               Transmutation                2
   c - Spider Form                    Transmutation/Poison         3
   d - Ice Form                       Ice/Transmutation            4
   e - Blade Hands                    Transmutation                5
Comestibles
 c - 4 bread rations
 i - 5 chunks of flesh
 o - 2 meat rations


   Skills:
 + Level 1.3 Fighting
 - Level 1.7 Dodging
 - Level 1.7 Stealth
 + Level 2.7 Unarmed Combat
 + Level 4.4 Spellcasting
 - Level 3.1 Conjurations
 + Level 2.5 Air Magic
 * Level 6.2 Poison Magic


You had one spell level left.
You knew the following spells:

 Your Spells              Type           Power        Failure   Level  Hunger
a - Sting                 Conj/Pois      ###.         1%          1    None
b - Poisonous Vapours     Pois/Air       ###...       4%          2    #......
c - Mephitic Cloud        Conj/Pois/Air  ###.....     10%         3    ###....
d - Olgreb's Toxic Radia  Pois           ####....     14%         4    ####...
e - Spider Form           Tmut/Pois      ###.......   14%         3    ###....


Dungeon Overview and Level Annotations

Branches:
Dungeon (5/15)
 Temple: D:4-7

Altars:
Kikubaaqudgha

Shops:
D:5 !=(

Annotations:
D:5 Grinder


Innate Abilities, Weirdness & Mutations

You have claws for hands.
You are partially covered in icy blue scales. (AC +2)


Message History

Grinder is moderately wounded.
Grinder gestures at you.
You struggle to resist.
You scratch Grinder.
Grinder is moderately wounded.
Grinder hits you but does no damage.
You scratch Grinder.
Grinder is heavily wounded.
You barely miss Grinder.
Grinder is heavily wounded.
Grinder gestures at you.
You suddenly lose the ability to move!
Grinder hits you.
* * * LOW HITPOINT WARNING * * *
You writhe in agony.
* * * LOW HITPOINT WARNING * * *
Grinder hits you!
* * * LOW HITPOINT WARNING * * *
You writhe in agony.
You die...

############# ##.....#.....##
##.............##
#...............#
#...............#
#.........≈.≈5..#
#........≈≈.≈≈M.###############
#........≈≈∩≈≈..[[[[<.∩".).<...
##.......≈≈≈≈≈.################
##.....#.≈≈≈...# ######
###########.#.## #....#
#.#..####....# #.#....##....###
..#.....#.......
.#####..#....######


You could see Grinder.

Vanquished Creatures
  A sky beast (D:4)
  2 ogres
  A centaur (D:5)
  A bullfrog zombie (D:5)
  A hound (D:4)
  A jelly (D:5)
  2 orc priests (D:5)
  An iguana (D:4)
  2 bullfrog skeletons (D:4)
  3 orc wizards
  Ijyb (D:3)
  3 worker ants (D:4)
  A hound skeleton (D:4)
  A worker ant zombie (D:5)
  3 gnolls (D:4)
  6 adders
  An ooze (D:2)
  3 worms
  5 leopard geckos
  10 orcs
  5 bats (D:1)
  A bat zombie (D:5)
  A giant cockroach (D:3)
  7 goblins
  6 hobgoblins
  13 jackals
  5 kobolds
  2 quokkas
  2 ball pythons
  3 frilled lizards
  A jackal skeleton (D:1)
  A leopard gecko skeleton (D:5)
  5 rats
  A rat zombie (D:5)
102 creatures vanquished.

Notes
Turn   | Place    | Note
-------+----------+-------------------------------------------
     0 | D:1      | itsmu the Demonspawn Venom Mage began the quest for the Orb.
     0 | D:1      | Reached XP level 1. HP: 13/13 MP: 3/3
   467 | D:1      | Gained mutation: You are partially covered in icy blue scales. (AC +2) [demonic ancestry]
   467 | D:1      | Reached XP level 2. HP: 19/19 MP: 1/5
   514 | D:1      | Learned a level 2 spell: Poisonous Vapours
  1389 | D:2      | Gained mutation: You have sharp fingernails. [demonic ancestry]
  1389 | D:2      | Reached XP level 3. HP: 21/24 MP: 0/6
  2175 | D:3      | Learned a level 3 spell: Mephitic Cloud
  2231 | D:3      | Noticed Ijyb
  2250 | D:3      | Killed Ijyb
  2325 | D:3      | Gained mutation: You have very sharp fingernails. [demonic ancestry]
  2325 | D:3      | Reached XP level 4. HP: 30/30 MP: 4/7
  2678 | D:3      | Reached skill level 4 in Poison Magic
  4540 | D:4      | Reached XP level 5. HP: 35/35 MP: 6/9
  4572 | D:4      | Learned a level 4 spell: Olgreb's Toxic Radiance
  4678 | D:4      | Reached skill level 1 in Unarmed Combat
  4678 | D:4      | Reached skill level 1 in Air Magic
  5353 | D:4      | Reached XP level 6. HP: 11/41 MP: 4/11
  5940 | D:4      | Noticed a sky beast
  6019 | D:4      | Killed a sky beast
  6019 | D:4      | Reached skill level 5 in Poison Magic
  6263 | D:4      | Gained mutation: You have claws for hands. [demonic ancestry]
  6263 | D:4      | Reached XP level 7. HP: 46/46 MP: 8/13
  6632 | D:5      | Entered Level 5 of the Dungeon
  6632 | D:5      | Found Etzadoupn's Jewellery Shoppe.
  6635 | D:5      | Bought a cursed amulet of inaccuracy for 22 gold pieces
  6669 | D:5      | Learned a level 3 spell: Spider Form
  6782 | D:5      | Found an ancient bone altar of Kikubaaqudgha.
  6812 | D:5      | Found Kymoasagg's Distillery.
  6868 | D:5      | Bought a potion of heal wounds for 65 gold pieces
  6868 | D:5      | Bought a potion of heal wounds for 65 gold pieces
  6911 | D:5      | Reached skill level 1 in Fighting
  7113 | D:5      | Found Pipn's Weapon Shoppe.
  7449 | D:5      | Noticed Grinder
  7453 | D:5      | Reached skill level 6 in Poison Magic
  7662 | D:5      | Paralysed by Grinder for 7 turns
  7664 | D:5      | Slain by Grinder

Vault maps used:
D:1:      eino_arrival_tree_alley
D:2:      grunt_ministairs_14
D:3:      supply_closet_lemuel, uniq_iyjb
D:5:      lemuel_zombie_altar_kikubaaqudgha, first_bread, serial_shops,
          nicolae_shop_crystal, shop, shop, nicolae_shop_overgrown_old_shop,
          nicolae_shop_waterfront, uniq_grinder

Skill      XL: |  1  2  3  4  5  6  7 |
---------------+----------------------+-----
Poison Magic   | 4 5 6 |  6.2
Conjurations   | 2 3 |  3.1
Spellcasting   | 3 4 |  4.4
Unarmed Combat | 1 2 |  2.7
Air Magic      | 1 2 |  2.5
Fighting       | 1 |  1.3
Dodging        | |  1.7
Stealth        | |  1.7

Action                   |  1- 3 |  4- 6 |  7- 9 || total
-------------------------+-------+-------+-------++-------
Melee: Unarmed           |    19 |       |    59 ||    78
       Mace              |    38 |   101 |    20 ||   159
       Punch             |       |     1 |       ||     1
 Cast: Sting             |    51 |    56 |     9 ||   116
       Poisonous Vapours |    10 |    30 |    20 ||    60
       Mephitic Cloud    |       |       |     1 ||     1
       Spider Form       |       |       |     1 ||     1
  Use: Scroll            |     8 |     1 |     1 ||    10
       Potion            |       |     5 |     1 ||     6
  Eat: Chunk             |     6 |    12 |     5 ||    23
       Royal jelly       |       |     1 |       ||     1
Armor: Robe              |    38 |    40 |    22 ||   100
Dodge: Dodged            |    75 |    98 |    43 ||   216
